Map: Flooded City

Players

ILIEKEGGPIE

  • Race: Protoss Protoss
  • League: Platinum
  • Spawn Location: 12:00

Marine

  • Race: Terran Terran
  • Spawn Location: 12:00

Zingablerat

  • Race: Zerg Zerg
  • Spawn Location: 6:00

RussianNOOB

  • Race: Terran Terran
  • League: Silver
  • Spawn Location: 6:00

VOD

Have the link to the VOD?

Description

Time

  • Played on: April 11, 2018, 6:23 p.m.
  • Length: 10:28
Show
View Real Time Build Order
Export as new Build Order

ILIEKEGGPIE Protoss 

Build Orders: Double Forge 

Get SALT Encoding   

  12  0:01  Probe  
  13  0:13  Probe  
  14  0:21  Pylon  
  14  0:24  Pylon  
  14  0:26  Probe (Chrono Boost)  
  15  0:41  Probe (Chrono Boost)  
  16  0:48  Gateway  
  16  0:49  Probe  
  17  0:57  Assimilator  
  17  1:01  Probe (Chrono Boost)  
  18  1:13  Probe (Chrono Boost)  
  19  1:19  Pylon  
  19  1:21  Probe (Chrono Boost)  
  20  1:36  Cybernetics Core  
  20  1:39  Gateway  
  20  1:46  Probe  
  21  1:59  Probe  
  22  2:11  Probe  
  22  2:15  Nexus  
  23  2:16  Warp Gate  
  25  2:28  Adept (Chrono Boost)  
  25  2:29  Adept (Chrono Boost)  
  27  2:40  Pylon  
  27  2:43  Assimilator  
  27  2:56  Adept x2  
  31  3:13  Robotics Facility  
  31  3:16  Forge  
  31  3:26  Pylon  
  27  4:23  Probe (Chrono Boost)  
  29  4:28  Probe (Chrono Boost)  
  29  4:29  Forge  
  29  4:32  Gateway  
  29  4:33  Probe (Chrono Boost)  
  29  4:37  Probe (Chrono Boost), Pylon  
  31  4:39  Stalker  
  31  4:40  Stalker  
  31  4:42  Gateway  
  35  4:48  Probe (Chrono Boost)  
  35  4:51  Pylon  
  36  4:56  Observer  
  36  4:58  Probe (Chrono Boost)  
  38  5:03  Protoss Ground Armor Level 1, Protoss Ground Weapons Level 1, Probe (Chrono Boost)  
  39  5:14  Probe  
  40  5:26  Probe  
  37  5:35  Stalker  
  37  5:36  Stalker  
  37  6:08  Probe x2  
  39  6:15  Pylon  
  39  6:18  Gateway x2  
  39  6:20  Probe (Chrono Boost)  
  39  6:23  Assimilator  
  39  6:24  Gateway  
  39  6:25  Probe (Chrono Boost)  
  41  6:28  Assimilator  
  41  6:29  Stalker x2  
  41  6:30  Probe (Chrono Boost)  
  47  6:34  Observer, Probe (Chrono Boost)  
  48  6:46  Adept x2  
  52  7:02  Robotics Bay  
  52  7:19  Twilight Council  
  52  7:20  Gateway  
  52  7:24  Gateway, Probe (Chrono Boost)  
  52  7:29  Observer (Chrono Boost), Probe (Chrono Boost)  
  55  7:32  Pylon  
  55  7:34  Pylon, Probe (Chrono Boost)  
  57  7:38  Probe (Chrono Boost)  
  57  7:48  Adept x3, Probe  
  57  7:49  Zealot  
  57  7:50  Zealot x3  
  70  8:09  Protoss Ground Armor Level 2 (Chrono Boost), Protoss Ground Weapons Level 2 (Chrono Boost)  
  62  8:54  Adept x2  
  62  8:55  Zealot x3  
  70  9:01  Colossus  
  78  9:06  Robotics Facility  
  78  9:08  Robotics Facility  
  78  9:21  Gateway x2  
  72  9:58  Stalker x5  
  72  9:59  Stalker x4  
Show
View Real Time Build Order
Export as new Build Order

Marine Terran 

Build Orders:  

Get SALT Encoding   

  12  0:01  SCV  
  13  0:18  Supply Depot  
  13  0:19  SCV  
  14  0:31  SCV  
  14  0:32  Refinery  
  15  0:49  Barracks, SCV  
  16  1:01  SCV  
  17  1:14  SCV  
  18  1:19  Refinery  
  18  1:26  SCV  
  19  1:37  Supply Depot  
  19  1:38  SCV  
  20  1:40  Reaper  
  21  1:50  SCV  
  22  1:56  Factory  
  22  2:02  SCV  
  23  2:16  Reaper  
  24  2:24  SCV  
  25  2:43  Supply Depot  
  25  2:48  Reaper  
  26  3:09  Factory Tech Lab  
  26  3:15  Starport  
  26  3:20  Reaper  
  27  3:50  Siege Tank  
  27  3:52  Marine  
  30  4:10  Marine  
  30  4:23  Siege Tank  
  33  4:28  Marine  
  33  4:29  Medivac  
  36  4:34  Supply Depot  
  36  4:46  Marine  
  36  4:51  Command Center  
  37  4:56  Supply Depot  
  37  4:59  Medivac  
  32  5:35  Marine  
  33  5:36  Siege Tank  
  33  5:40  Supply Depot  
  35  6:02  Supply Depot, Barracks Tech Lab  
  34  6:09  Starport Tech Lab, Siege Tank  
  37  6:14  Orbital Command  
  37  6:19  Engineering Bay  
  37  6:27  Marine  
  37  6:32  Combat Shields  
  38  6:41  Siege Tank  
  38  6:46  Marauder  
  42  6:47  Armory  
  42  7:05  Banshee  
  42  7:06  Marine  
  46  7:24  Marine  
  37  7:42  Marine  
  38  7:47  Banshee  
  38  7:48  SCV  
  42  8:00  Marine, SCV  
  44  8:06  Siege Tank  
  47  8:14  SCV  
  47  8:18  Marine  
  49  8:24  SCV  
  49  8:26  SCV  
  51  8:30  Banshee  
  54  8:36  Marine  
  54  8:38  Siege Tank  
  58  8:49  Cloaking Field  
  58  8:53  Marine  
  59  9:10  Siege Tank  
  59  9:11  Marine  
  63  9:17  Banshee  
  66  9:32  SCV  
  66  9:37  Refinery  
  67  9:44  SCV  
  65  9:56  SCV  
  66  10:03  Refinery  
  66  10:08  SCV  
Show
View Real Time Build Order
Export as new Build Order

Zingablerat Zerg 

Build Orders: Pool First 

Get SALT Encoding   

  12  0:04  Drone  
  13  0:13  Overlord  
  13  0:23  Drone  
  13  0:26  Overlord  
  14  0:33  Drone  
  15  0:39  Drone  
  15  0:40  Extractor  
  15  0:48  Drone  
  16  1:00  Drone  
  17  1:09  Drone  
  18  1:11  Spawning Pool  
  17  1:21  Drone  
  18  1:33  Drone  
  19  1:47  Drone  
  20  1:48  Hatchery  
  19  1:54  Drone  
  19  1:56  Evolution Chamber  
  19  1:58  Extractor  
  19  2:00  Metabolic Boost  
  18  2:10  Queen  
  18  2:14  Drone  
  21  2:22  Drone  
  22  2:31  Drone  
  23  2:44  Zerg Melee Weapons Level 1  
  23  2:48  Zergling x2  
  23  2:49  Zergling x2  
  25  3:02  Zergling x2  
  26  3:08  Zergling x2  
  27  3:17  Queen  
  27  3:18  Zergling x2  
  27  3:19  Zergling x2  
  31  3:24  Zergling x2  
  31  3:25  Zergling x6  
  34  4:01  Zergling x2  
  35  4:20  Overlord x3  
  35  4:35  Overlord x2  
  35  4:36  Overlord  
  35  4:50  Drone x3  
  35  4:51  Drone x2  
  40  4:54  Drone  
  40  4:55  Drone x4  
  37  5:33  Zergling x2  
  37  5:34  Zergling x10  
  41  5:47  Zergling x12  
  47  6:01  Zerg Ground Armor Level 1  
  47  6:02  Lair  
  47  6:06  Zergling x2  
  47  6:08  Zergling x2  
  47  6:09  Zergling x6  
  52  6:14  Zergling x2  
  52  6:15  Zergling x8  
  57  6:20  Extractor  
  57  6:22  Extractor  
  57  6:24  Drone  
  56  7:07  Lair  
  56  7:16  Spire  
  55  7:24  Infestation Pit  
  44  8:02  Drone  
  44  8:03  Drone x5  
  50  8:06  Infestor x2  
  50  8:12  Zergling x8  
  53  8:13  Zergling x6  
  31  8:48  Infestor  
  32  8:50  Drone  
  32  8:51  Drone x2  
  32  8:55  Drone x4  
  39  9:00  Queen  
  41  9:08  Burrow  
  27  9:52  Drone x2  
  29  9:53  Drone x3  
  32  10:04  Hatchery  
Show
View Real Time Build Order
Export as new Build Order

RussianNOOB Terran 

Build Orders:  

Get SALT Encoding   

  12  0:02  SCV  
  13  0:18  SCV  
  14  0:30  SCV  
  15  0:36  Supply Depot  
  15  0:58  SCV  
  15  1:01  Barracks  
  16  1:10  Barracks  
  16  1:14  SCV  
  17  1:26  SCV  
  18  1:51  Barracks  
  18  2:01  Barracks  
  18  2:04  Marine  
  18  2:05  Marine  
  20  2:10  SCV  
  21  2:19  Command Center  
  21  2:22  SCV  
  22  2:23  Refinery  
  22  2:27  Marine  
  23  2:40  Marine  
  23  2:50  Supply Depot  
  23  3:00  SCV  
  21  3:13  SCV  
  18  3:38  Marine  
  12  4:21  SCV  
  13  4:25  SCV  
  13  4:29  Marine  
  15  4:32  Marine  
  15  4:33  SCV  
  15  4:37  Marine  
  18  4:43  SCV  
  19  4:51  Marine  
  20  4:55  Marine, SCV  
  22  5:00  Marine  
  22  5:04  Marine  
  24  5:09  Marine  
  24  5:13  Marine  
  26  5:17  Marine  
  27  5:22  Marine  
  27  5:27  Marine  
  29  5:31  Marine  
  29  5:34  SCV  
  29  5:35  Marine  
  31  5:46  SCV  
  21  6:10  Marine x4  
  23  6:21  Orbital Command  
  23  6:28  Marine x4  
  23  6:30  Refinery  
  27  6:34  Orbital Command  
  27  6:45  Marine  
  27  6:46  Marine  
  29  6:47  SCV  
  29  6:53  Marine  
  31  6:55  Marine  
  31  6:59  SCV  
  33  7:08  Marine x2  
  35  7:10  Marine  
  35  7:11  SCV  
  35  7:13  Marine  
  29  7:23  SCV  
  29  7:25  Marine  
  31  7:31  SCV  
  31  7:35  SCV  
  33  7:38  Refinery  
  33  7:43  SCV  
  34  7:46  Marine x3  
  34  7:47  Marine  
  38  7:55  SCV  
  35  8:04  Marine, SCV  
  36  8:07  SCV  
  36  8:16  SCV, Barracks Tech Lab  
  36  8:19  SCV  
  36  8:21  Barracks Reactor  
  36  8:26  Barracks Tech Lab  
  36  8:28  SCV  
  36  8:30  Barracks Tech Lab  
  37  8:37  Marauder  
  37  8:39  Concussive Shells  
  37  8:40  SCV  
  26  8:58  Combat Shields  
  26  9:00  Marine  
  26  9:01  Marine x4  
  30  9:18  Marine  
  30  9:19  Marine x4  
  35  9:26  Supply Depot  
  35  9:36  Marine x4  
  35  9:37  Marine  
  40  9:48  Supply Depot  
  40  9:54  Marine x5  
  45  10:01  Command Center  
  45  10:10  Supply Depot  
Tags
 
Add a new tag
Caveats
  • Supply blocks, unpowered buildings, or Contaminate may cause inaccurate times.
  • Supply counts are checked every 10 seconds.